 Dungeon Crawl Stone Soup version 0.17.1-1-g73c8601 (webtiles) character file.

31606 kenwiel the Peltast (level 13, 0/84 HPs)
             Began as a Gargoyle Artificer on Dec 31, 2015.
             Was a High Priest of Okawaru.
             Slain by a wolf spider (9 damage)
             ... on level 4 of the Lair of Beasts on Jan 1, 2016.
             The game lasted 01:37:02 (24699 turns).

kenwiel the Peltast (Gargoyle Artificer)           Turns: 24699, Time: 01:37:02

Health: 0/84       AC: 32    Str: 18      XL:     13   Next: 59%
Magic:  15/15      EV: 10    Int: 12 (13) God:    Okawaru [*****.]
Gold:   867        SH: 13    Dex: 10      Spells: 0 memorised, 12 levels left

rFire  . . .     SeeInvis .     L - +2 short sword (venom)
rCold  . . .     Clarity  +     R - +4 chain mail {MR+}
rNeg   + + .     SustAt   .     I - +0 shield
rPois  ∞         Gourm    .     D - +2 hat "Maipt" {rElec MR+}
rElec  +         Spirit   .     j - +0 cloak
rCorr  .         Warding  .     Z - +0 pair of gloves
rMut   .         Stasis   .     b - +0 pair of boots
MR     ++...                    N - amulet of clarity
Stlth  ..........               a - ring of positive energy
                                S - +2 ring of evasion

@: contaminated, glowing, studying Ice Magic, invisible (but backlit and
visible), very resistant to hostile enchantments, extremely unstealthy
A: beak, thin metallic scales 1, blurry vision 1, deterioration 1, negative
energy resistance 1, electricity resistance, slow regeneration 2, weak 1,
unbreathing, petrification resistance, rot immunity, AC +9
a: Heroism, Finesse, Renounce Religion


You were on level 4 of the Lair of Beasts.
You worshipped Okawaru.
Okawaru was extremely pleased with you.
You were not hungry.

You visited 3 branches of the dungeon, and saw 17 of its levels.
You also visited: Ice Cave.

You collected 885 gold pieces.
You spent 18 gold pieces at shops.

Inventory:

Hand Weapons
 e - a +1 short sword of draining
 H - a +1 vampiric rapier
 L - a +2 short sword of venom (weapon)
 Q - a +4 quick blade
Armour
 b - a +0 pair of boots (worn)
 j - a +0 cloak (worn)
 D - the +2 hat "Maipt" (worn) {rElec MR+}
   (You acquired it on level 8 of the Dungeon)

   It insulates you from electricity.
   It affects your resistance to hostile enchantments.
 F - a +2 chain mail of cold resistance
 I - a +0 shield (worn)
 R - a +4 chain mail of magic resistance (worn)
 Z - a +0 pair of gloves (worn)
Jewellery
 a - a ring of positive energy (right hand)
 s - an uncursed ring of protection from cold
 v - an uncursed ring of magical power
 y - an uncursed ring of flight
 N - an amulet of clarity (around neck)
 S - a +2 ring of evasion (left hand)
 U - an uncursed ring of ice
Wands
 c - a wand of teleportation (6)
 l - a wand of fireball (6)
 x - a wand of paralysis (11)
 G - a wand of paralysis (2)
 J - a wand of digging (5)
 K - a wand of slowing (30)
 M - a wand of invisibility (1)
Scrolls
 d - 3 scrolls of magic mapping
 g - 5 scrolls of remove curse
 m - 2 scrolls of identify
 n - 2 scrolls of fear
 t - a scroll of amnesia
 A - 7 scrolls of teleportation
Potions
 o - 3 potions of brilliance
 p - 4 potions of flight
 q - a potion of agility
 r - 6 potions of curing
 w - 2 potions of cancellation
 O - a potion of heal wounds
 P - 2 potions of haste
 Y - a potion of resistance
Books
 C - a manual of Ice Magic
Miscellaneous
 k - a lamp of fire
 E - a phial of floods (inert)
Comestibles
 f - 9 bread rations
 h - 4 meat rations
 i - a beef jerky
 u - a slice of pizza
 B - 16 fruits
 T - 2 chunks of flesh


   Skills:
 + Level 11.2 Fighting
 + Level 10.9 Short Blades
 - Level 9.0 Armour
 - Level 1.5 Dodging
 - Level 1.1 Stealth
 - Level 15.1 Shields
 - Level 2.8 Evocations


You had 12 spell levels left.
You didn't know any spells.

Dungeon Overview and Level Annotations

Branches:
Dungeon (12/15)            Temple (0/1) D:6            Lair (4/8) D:9
 Spider (1/4) Lair:4
  Swamp: Lair:3-6    Shoals: Lair:3-6       Orc: D:9-12

Altars:
Fedhas
Okawaru
Xom

Shops:
D:8 [[

Annotations:
D:10 exclusion: oklob sapling


Innate Abilities, Weirdness & Mutations

You are resistant to torment.
Your stone body is resilient (AC +9).
You are immune to poison.
You resist negative energy.
You are resistant to electric shocks.
You can survive without breathing.
You are immune to petrification.
You are immune to rotting.
You have a beak for a mouth.
You are partially covered in thin metallic scales (AC +2).
Scrolls take you a little longer to read.
Your body sometimes deteriorates upon taking damage.
You do not regenerate naturally when monsters are visible.
You are weak. (Str -2)


Message History

The emperor scorpion stings you but does no damage.
You block the emperor scorpion's attack. x2
The redback bites you.
* * * LOW HITPOINT WARNING * * *
You block the wolf spider's attack. The wolf spider closely misses you.
The redback bites you.
* * * LOW HITPOINT WARNING * * *
Really read with blurry vision while enemies are nearby? [Y]es or [N]o only, please.
Really read with blurry vision while enemies are nearby?
The redback bites you but does no damage.
You block the wolf spider's attack.
The wolf spider bites you but does no damage.
You block the emperor scorpion's attack.
The emperor scorpion claws you but does no damage. x2
You begin reading the scroll.
You continue reading the scroll.
The redback barely misses you. The redback bites you.
* * * LOW HITPOINT WARNING * * *
The wolf spider hits you!
You die...

#..............#..#.....##...###
...######...^##.....#.####### .#
#P...#.......#....#####
#....##.^#.####...#.##.#
.....#....^.#..##.P###.#####
..... ##^..≈≈..##...........
#..PP #..≈§§§≈..##....##.#.#
##.. ##.≈s†s≈.##..#.#######
#..'s@s+..#.#### ##.#####.###
### #


You could see an emperor scorpion, a wolf spider and 2 redbacks.

Vanquished Creatures
  A frost giant (IceCv)
  3 hydras
  A hill giant (D:10)
  An unseen horror (D:10)
  An orb spider (Lair:4)
  A centaur zombie (D:11)
  3 black mambas
  2 gargoyles (D:10)
  7 spiny frogs
  6 komodo dragons
  3 trolls
  A fire drake (Lair:4)
  21 polar bears
  A boulder beetle (Lair:4)
  A wyvern (D:8)
  2 wraiths (D:11)
  The ghost of Andry07 the Skirmisher, an amateur VSFi (D:4)
  2 redbacks (Lair:4)
  39 yaks
  A deep elf mage (D:10)
  A spriggan (D:7)
  Eustachio (D:4)
  3 hippogriffs
  A hungry ghost (D:10)
  10 wolves (IceCv)
  5 porcupines
  11 water moccasins
  The ghost of dermo the Sneak, an amateur FeWn of Sif Muna (D:5)
  2 black bears
  An ogre (D:7)
  3 ice beasts
  3 orc warriors
  3 sky beasts
  4 phantoms
  2 centaurs (D:9)
  A big kobold (D:7)
  10 giant frogs
  12 crocodiles
  A wyvern zombie (D:10)
  2 scorpions
  4 killer bees (D:7)
  An electric eel (Lair:1)
  2 wyvern skeletons (D:7)
  5 wights
  2 giant frog zombies
  6 jellies
  8 crimson imps
  4 giant frog skeletons
  7 orc priests
  9 hounds
  13 orc wizards
  Jessica (D:2)
  5 worker ants
  7 iguanas
  4 sheep (Lair:1)
  A hound skeleton (D:4)
  Robin (D:2)
  A worker ant zombie (D:6)
  15 adders
  A shadow imp (D:11)
  12 white imps (Lair:2)
  7 river rats (Lair:1)
  2 adder skeletons
  2 adder zombies (D:9)
  2 worms
  5 giant geckos
  38 orcs
  10 ball pythons
  5 giant cockroaches
  6 hobgoblins
  11 jackals
  9 quokkas
  9 bats
  6 giant newts
  11 goblins
  11 kobolds
  11 rats
  A fungus (D:9)
430 creatures vanquished.

Vanquished Creatures (collateral kills)
  An orc priest (D:11)
  An adder (D:11)
  A shadow imp (D:10)
  An orc (D:11)
  A jackal (D:1)
5 creatures vanquished.

Vanquished Creatures (others)
  A hippogriff (D:10)
  A killer bee (D:7)
  An orc (D:4)
  A hobgoblin (D:2)
  A goblin (D:2)
  2 fungi
  3 plants
10 creatures vanquished.

Grand Total: 445 creatures vanquished

Notes
Turn   | Place    | Note
--------------------------------------------------------------
     0 | D:1      | kenwiel the Gargoyle Artificer began the quest for the Orb.
     0 | D:1      | Reached XP level 1. HP: 12/12 MP: 2/2
     0 | D:1      | Noticed a draconian skeleton
     0 | D:1      | Noticed a spriggan skeleton
     2 | D:1      | Noticed an elf skeleton
     4 | D:1      | Noticed a merfolk skeleton
     7 | D:1      | Noticed an elf skeleton
    10 | D:1      | Noticed a spriggan skeleton
    10 | D:1      | Noticed a minotaur skeleton
    12 | D:1      | Noticed a human skeleton
    12 | D:1      | Noticed a centaur skeleton
    14 | D:1      | Noticed a merfolk skeleton
    14 | D:1      | Noticed a spriggan skeleton
   191 | D:1      | Reached skill level 1 in Short Blades
   290 | D:1      | Reached XP level 2. HP: 16/16 MP: 4/4
   918 | D:1      | Reached XP level 3. HP: 17/20 MP: 5/5
  1860 | D:2      | Reached skill level 3 in Short Blades
  2270 | D:2      | Noticed Jessica
  2274 | D:2      | Killed Jessica
  2274 | D:2      | Reached XP level 4. HP: 25/25 MP: 6/6
  2535 | D:2      | Noticed Robin
  2572 | D:2      | Killed Robin
  2863 | D:2      | Gained mutation: You have a beak for a mouth. [potion of beneficial mutation]
  3004 | D:2      | Reached skill level 4 in Short Blades
  3068 | D:3      | Reached XP level 5. HP: 29/29 MP: 7/7
  3418 | D:3      | Noticed a giant frog
  3440 | D:3      | Killed a giant frog
  3440 | D:3      | Reached skill level 5 in Short Blades
  3446 | D:3      | Reached XP level 6. HP: 18/34 MP: 8/8
  4126 | D:4      | Gained mutation: You can translocate small distances at will. [potion of beneficial mutation]
  4236 | D:4      | Found a shimmering altar of Xom.
  4252 | D:4      | Noticed Eustachio
  5051 | D:4      | Killed Eustachio
  5051 | D:4      | Reached skill level 6 in Short Blades
  5051 | D:4      | Reached XP level 7. HP: 34/38 MP: 9/9
  5316 | D:4      | Noticed Andry07's ghost (amateur VSFi)
  5359 | D:4      | Killed Andry07's ghost
  5359 | D:4      | Reached skill level 7 in Short Blades
  5672 | D:5      | Entered Level 5 of the Dungeon
  5680 | D:5      | Reached skill level 1 in Armour
  5907 | D:5      | Noticed dermo's ghost (amateur FeWn)
  5943 | D:4      | Reached XP level 8. HP: 41/43 MP: 10/10
  6232 | D:5      | Killed dermo's ghost
  6627 | D:6      | Found an iron altar of Okawaru.
  6642 | D:6      | Became a worshipper of Warmaster Okawaru
  6708 | D:6      | Reached skill level 5 in Armour
  6873 | D:6      | Found a staircase to the Ecumenical Temple.
  7124 | D:7      | Noticed a hill giant
  7630 | D:7      | Reached * piety under Okawaru
  7630 | D:7      | Reached skill level 8 in Armour
  7751 | D:7      | Gained mutation: You evolve. [potion of beneficial mutation]
  7832 | D:7      | Reached XP level 9. HP: 45/47 MP: 11/11
  7839 | D:7      | Gained mutation: Armour fits poorly on your strangely shaped body. [mutagenic meat]
  7840 | D:7      | Gained mutation: You regenerate slowly when monsters are visible. [mutagenic meat]
  7841 | D:7      | Gained mutation: You expend magic power (3 MP) to strengthen your wands. [mutagenic meat]
  7843 | D:7      | Lost mutation: You evolve. [potion of cure mutation]
  7843 | D:7      | Lost mutation: You can translocate small distances at will. [potion of cure mutation]
  7843 | D:7      | Lost mutation: Armour fits poorly on your strangely shaped body. [potion of cure mutation]
  8008 | D:7      | Reached skill level 9 in Armour
  8558 | D:8      | Reached ** piety under Okawaru
  8830 | D:8      | Found Juefaph's Armour Shop.
  9393 | D:8      | You fall through a shaft for 3 floors!
  9393 | D:11     | Noticed a seven-headed hydra
  9405 | D:10     | Entered Level 10 of the Dungeon
  9802 | D:8      | Identified a scroll of acquirement
  9803 | D:8      | Got a translucent hat
  9855 | D:8      | Reached XP level 10. HP: 33/58 MP: 12/12
  9953 | D:8      | Identified the +2 hat "Maipt" {rElec MR+} (You acquired it on level 8 of the Dungeon)
 10552 | D:8      | Found Bapnadem's Antique Armour Emporium.
 10572 | D:8      | Reached skill level 10 in Short Blades
 10593 | D:8      | Bought a runed robe for 18 gold pieces
 10875 | D:9      | Found a staircase to the Lair.
 11798 | D:9      | Gained mutation: You are partially covered in thin metallic scales (AC +2). [potion of mutation]
 11798 | D:9      | Gained mutation: Your spells are a little harder to cast, but a little more powerful. [potion of mutation]
 11798 | D:9      | Lost mutation: You expend magic power (3 MP) to strengthen your wands. [potion of mutation]
 11990 | D:10     | Reached skill level 5 in Fighting
 12004 | D:10     | Lost mutation: Your spells are a little harder to cast, but a little more powerful. [mutagenic meat]
 12005 | D:10     | Gained mutation: Scrolls take you a little longer to read. [mutagenic meat]
 12006 | D:10     | Gained mutation: Your body sometimes deteriorates upon taking damage. [mutagenic meat]
 12008 | D:10     | Gained mutation: You are weak. (Str -2) [mutagenic meat]
 12009 | D:10     | Gained mutation: You do not regenerate naturally when monsters are visible. [mutagenic meat]
 12033 | D:10     | Noticed a gargoyle
 12039 | D:10     | Killed a gargoyle
 12072 | D:10     | Noticed a gargoyle
 12137 | D:10     | HP: 3/60 [troll (5)]
 12521 | D:9      | Reached *** piety under Okawaru
 13128 | D:10     | Killed a gargoyle
 13476 | D:10     | Found a blossoming altar of Fedhas.
 14224 | D:10     | Noticed a hill giant
 14249 | D:10     | Killed a hill giant
 14319 | D:10     | Reached XP level 11. HP: 44/71 MP: 13/13
 14713 | D:10     | Reached **** piety under Okawaru
 14843 | D:10     | Killed an unseen horror
 14843 | D:10     | Reached skill level 10 in Fighting
 15421 | D:10     | Killed a seven-headed hydra
 16205 | D:11     | Reached skill level 5 in Shields
 16551 | D:11     | Noticed a centaur zombie
 16585 | D:11     | Killed a centaur zombie
 17243 | Lair:1   | Entered Level 1 of the Lair of Beasts
 17666 | Lair:1   | Noticed a seven-headed hydra
 17690 | Lair:1   | Killed a seven-headed hydra
 17690 | Lair:1   | Reached ***** piety under Okawaru
 17848 | Lair:1   | Noticed a four-headed hydra
 17861 | Lair:1   | Killed a four-headed hydra
 18119 | Lair:1   | Received a gift from Okawaru
 18119 | Lair:1   | Reached XP level 12. HP: 78/78 MP: 14/14
 18532 | Lair:1   | Reached skill level 10 in Shields
 19027 | Lair:2   | Found a frozen archway.
 19105 | IceCv    | Entered an ice cave
 19224 | IceCv    | Reached skill level 11 in Shields
 20063 | IceCv    | Reached skill level 12 in Shields
 20543 | IceCv    | Reached skill level 13 in Shields
 20612 | IceCv    | Noticed a frost giant
 20693 | IceCv    | Killed a frost giant
 20693 | IceCv    | Received a gift from Okawaru
 20734 | IceCv    | Reached skill level 14 in Shields
 20734 | IceCv    | Reached XP level 13. HP: 47/83 MP: 15/15
 22120 | Lair:2   | Reached skill level 15 in Shields
 24574 | Lair:4   | Found a hole to the Spider Nest.
 24680 | Spider:1 | Entered Level 1 of the Spider Nest
 24680 | Spider:1 | Noticed an emperor scorpion
 24699 | Lair:4   | Slain by a wolf spider

Action                   |  1- 3 |  4- 6 |  7- 9 | 10-12 | 13-15 || total
-------------------------+-------+-------+-------+-------+-------++-------
Melee: Short sword       |   192 |   547 |   372 |   667 |    33 ||  1811
       Rapier            |       |       |    47 |       |       ||    47
       Dagger            |       |       |   703 |   956 |       ||  1659
       Quick blade       |       |       |       |  1016 |   745 ||  1761
Invok: Heroism           |       |       |     5 |    17 |     1 ||    23
       Finesse           |       |       |       |     1 |       ||     1
 Abil: Blink             |       |     4 |       |       |       ||     4
Evoke: Wand              |     4 |     8 |     9 |    30 |     6 ||    57
       Lamp of fire      |       |       |       |     1 |       ||     1
       Phial of floods   |       |       |       |       |     1 ||     1
  Use: Scroll            |       |    10 |    21 |     7 |     3 ||    41
       Potion            |       |     2 |     4 |     4 |       ||    10
 Stab: Sleeping          |     4 |       |       |       |       ||     4
       Paralysed         |       |       |     2 |     1 |       ||     3
       Invisible         |       |       |       |     2 |       ||     2
       Distracted        |       |       |       |     1 |       ||     1
  Eat: Chunk             |     3 |     7 |    17 |    22 |    11 ||    60
       Beef jerky        |       |     1 |     3 |     2 |       ||     6
       Royal jelly       |       |     1 |       |       |       ||     1
       Meat ration       |       |       |       |     4 |       ||     4
       Fruit             |       |       |       |     4 |     3 ||     7
